 Dungeon Crawl Stone Soup version 0.19.5 (webtiles) character file.

4804 JeffiDaFish the Basher (level 10, -5/61 HPs)
             Began as a Gargoyle Fighter on Apr 19, 2017.
             Slain by a hill giant
             ... wielding a +0 giant spiked club
              (32 damage)
             ... on level 8 of the Dungeon.
             The game lasted 00:18:45 (7565 turns).

JeffiDaFish the Basher (Gargoyle Fighter)           Turns: 7565, Time: 00:18:46

Health: -5/61      AC: 23    Str: 20    XL:     10   Next: 48%
Magic:  10/10      EV:  4    Int:  9    God:
Gold:   243        SH: 17    Dex: 12    Spells: 0 memorised, 9 levels left

rFire  . . .     SeeInvis .     a - +2 flail
rCold  . . .     Gourm    .     j - +0 plate armour
rNeg   + . .     Faith    .     e - +0 large shield
rPois  ∞         Spirit   .     (no helmet)
rElec  +         Reflect  .     (no cloak)
rCorr  .         Harm     .     (no gloves)
MR     .....                    p - +0 pair of boots
Stlth  ..........               (no amulet)
                                (no ring)
                                (no ring)

@: no status effects
A: hooves 1, slimy green scales 1, negative energy resistance 1, electricity
resistance, unbreathing, petrification resistance, rot immunity, AC +7
a: no special abilities


You were on level 8 of the Dungeon.
You were not hungry.

You visited 2 branches of the dungeon, and saw 9 of its levels.

You collected 243 gold pieces.

Inventory:

Hand Weapons
 a - a +2 flail (weapon)
Armour
 e - a +0 large shield (worn)
 j - a +0 plate armour (worn)
 p - a +0 pair of boots (worn)
Scrolls
 l - 4 scrolls of identify
 m - 3 scrolls of fear
 n - a scroll of blinking
 o - 3 scrolls of recharging
Potions
 g - 3 potions of curing
Books
 h - a book of Conjurations

   Spells                             Type                      Level
   a - Magic Dart                     Conjuration                  1
   b - Searing Ray                    Conjuration                  2
   c - Dazzling Spray                 Conjuration/Hexes            3
   d - Fulminant Prism                Conjuration/Hexes            4
   e - Iskenderun's Mystic Blast      Conjuration                  4
   f - Iskenderun's Battlesphere      Conjuration/Charms           5
Comestibles
 b - 9 slices of pizza
 c - 12 chunks of flesh
 d - 2 fruits
 f - 7 bread rations
 i - 6 beef jerkies
 k - 3 meat rations


   Skills:
 + Level 6.9 Fighting
 + Level 9.8 Maces & Flails
 + Level 6.9 Armour
 + Level 2.0 Dodging
 + Level 1.4 Stealth
 + Level 9.5 Shields


You had 9 spell levels left.
You didn't know any spells.

Dungeon Overview and Level Annotations

Branches:
Dungeon (8/15)             Temple (1/1) D:5
   Lair: D:8-11

Altars:
Ashenzari
Cheibriados
Dithmenos
Elyvilon
Fedhas
Gozag
Hepliaklqana
Kikubaaqudgha
Makhleb
Nemelex Xobeh
Qazlal
Ru
Sif Muna
Trog
Uskayaw
Vehumet
Xom
Yredelemnul
Zin
The Shining One

Shops:
D:6 }


Innate Abilities, Weirdness & Mutations

You are resistant to torment.
Your stone body is resilient. (AC +7)
You are immune to poison.
You resist negative energy. (rN+)
You are resistant to electric shocks. (rElec)
You can survive without breathing.
You are immune to petrification.
You are immune to rotting.
You have large cloven feet.
You are partially covered in slimy green scales. (AC +2)


Message History

A jelly comes into view.
You sock the hill giant!
The hill giant is lightly wounded.
You are no longer corroded.
You hit the hill giant but do no damage.
The hill giant is lightly wounded.
You block the hill giant's attack.
You hit the hill giant.
The hill giant is moderately wounded.
The hill giant completely misses you.
You hit the hill giant.
The hill giant is moderately wounded.
You hit the hill giant.
The hill giant is moderately wounded.
The hill giant hits you with a giant spiked club!
You hit the hill giant.
The hill giant is heavily wounded.
The hill giant hits you with a giant spiked club!!
Ouch! That really hurt!
You die...

.#.#...###'#####.#..####
.#.##..#.....#..........
....)..'.....#...######.
)#.##..########..#
.#.#....# #..#
##.#..#########..#
.................#
...#....########.#
...#............@#
.#.#....#.####..JC..$...
........#............#..
##.##...# ####.####..#
+..# .... .. ..# ####
###.. ... .# # .... . #
.... .#


You could see a hill giant and a jelly.

Vanquished Creatures
  The ghost of Dazliare the Archer, a novice CeHu (D:5)
  The ghost of antigravityiii the Conjurer, a novice DrCj of Sif Muna (D:6)
  Grinder (D:4)
  A yak (D:8)
  Sigmund (D:2)
  A human (D:8)
  3 hogs (D:8)
  2 sky beasts
  A black bear (D:8)
  2 orc warriors
  2 phantoms
  3 ogres
  5 centaurs
  3 bullfrogs
  A scorpion (D:6)
  9 killer bees
  A wight (D:5)
  4 crimson imps
  A centaur zombie (D:6)
  3 hounds
  4 jellies
  A centaur skeleton (D:4)
  2 orc priests
  5 orc wizards
  2 iguanas
  6 worker ants
  2 hound zombies
  A hound skeleton (D:8)
  3 gnolls (D:2)
  A howler monkey skeleton (D:6)
  8 adders
  3 oozes
  2 worms
  A dart slug (D:1)
  6 leopard geckos
  23 orcs
  A ball python (D:2)
  8 bats
  6 giant cockroaches
  11 goblins
  9 hobgoblins
  A jackal (D:7)
  4 quokkas
  7 frilled lizards
  7 kobolds
  7 rats
177 creatures vanquished.

Vanquished Creatures (others)
  An orc wizard (D:6)
1 creature vanquished.

Grand Total: 178 creatures vanquished

Notes
Turn   | Place    | Note
-------+----------+-------------------------------------------
     0 | D:1      | JeffiDaFish the Gargoyle Fighter began the quest for the Orb.
     0 | D:1      | Reached XP level 1. HP: 14/14 MP: 1/1
    78 | D:1      | Reached XP level 2. HP: 11/19 MP: 2/2
   465 | D:1      | Reached XP level 3. HP: 21/23 MP: 3/3
   995 | D:2      | Found a radiant altar of Vehumet.
   995 | D:2      | Found a basalt altar of Yredelemnul.
   995 | D:2      | Found a hazy altar of Hepliaklqana.
  1007 | D:2      | Found a bloodstained altar of Trog.
  1008 | D:2      | Found a snail-covered altar of Cheibriados.
  1009 | D:2      | Noticed Sigmund
  1056 | D:2      | Killed Sigmund
  1056 | D:2      | Reached skill level 1 in Dodging
  1056 | D:2      | Reached XP level 4. HP: 10/29 MP: 4/4
  1056 | D:2      | Reached XP level 5. HP: 11/33 MP: 5/5
  1355 | D:2      | Found a shadowy altar of Dithmenos.
  1360 | D:2      | Reached XP level 6. HP: 37/38 MP: 6/6
  1987 | D:2      | Found a white marble altar of Elyvilon.
  2315 | D:3      | Gained mutation: You have large cloven feet. [potion of mutation]
  2315 | D:3      | Gained mutation: You are partially covered in slimy green scales. (AC +2) [potion of mutation]
  2329 | D:3      | Noticed a phantom
  2366 | D:3      | Killed a phantom
  2366 | D:3      | Reached skill level 5 in Shields
  2970 | D:4      | Reached XP level 7. HP: 38/44 MP: 7/7
  2999 | D:4      | Noticed Grinder
  3012 | D:4      | Reached skill level 1 in Stealth
  3015 | D:4      | Paralysed by Grinder for 7 turns
  3026 | D:4      | Paralysed by Grinder for 7 turns
  3050 | D:4      | Paralysed by Grinder for 2 turns
  3060 | D:4      | Killed Grinder
  3060 | D:4      | Reached skill level 5 in Maces & Flails
  3607 | D:4      | Reached skill level 5 in Fighting
  3607 | D:4      | Reached XP level 8. HP: 3/49 MP: 8/8
  3943 | D:5      | Entered Level 5 of the Dungeon
  4002 | D:5      | Reached skill level 5 in Armour
  4534 | D:5      | Found a staircase to the Ecumenical Temple.
  4544 | Temple   | Entered the Ecumenical Temple
  4764 | D:5      | Noticed Dazliare's ghost (novice CeHu)
  4792 | D:5      | Killed Dazliare's ghost
  4903 | D:6      | Reached XP level 9. HP: 54/54 MP: 9/9
  5176 | D:6      | Found Doerext's Gadget Boutique.
  5196 | D:6      | Found a burning altar of Makhleb.
  5374 | D:6      | Found a shattered altar of Ashenzari.
  5452 | D:6      | Noticed antigravityiii's ghost (novice DrCj)
  5469 | D:6      | Killed antigravityiii's ghost
  5747 | D:6      | Found a hide-covered altar of Uskayaw.
  6603 | D:7      | Reached XP level 10. HP: 16/61 MP: 10/10
  7088 | D:7      | Found a stormy altar of Qazlal.
  7113 | D:7      | Found an opulent altar of Gozag.
  7554 | D:8      | Noticed a hill giant
  7565 | D:8      | Slain by a hill giant

Skill      XL: |  1  2  3  4  5  6  7  8  9 10 |
---------------+-------------------------------+-----
Fighting       | 4 5 6 |  6.9
Maces & Flails | 3 4 5 7 8 9 |  9.8
Dodging        | 1 2 |  2.0
Shields        | 4 5 6 7 8 9 |  9.5
Armour         | 4 5 6 |  6.9
Stealth        | 1 |  1.4

Action                   |  1- 3 |  4- 6 |  7- 9 | 10-12 || total
-------------------------+-------+-------+-------+-------++-------
Melee: Flail             |   138 |   224 |   472 |   190 ||  1024
       Kick              |       |    11 |   107 |       ||   118
  Use: Potion            |     3 |     4 |     3 |       ||    10
       Scroll            |       |     7 |     4 |     2 ||    13
  Eat: Chunk             |     1 |     6 |    13 |     4 ||    24
Armor: Scale mail        |    51 |       |       |       ||    51
       Chain mail        |    48 |   121 |       |       ||   169
       Plate armour      |       |    14 |   309 |    91 ||   414
Dodge: Dodged            |    35 |    50 |    68 |    15 ||   168
Block: Shield            |    82 |   114 |   266 |    30 ||   492
       Large shield      |       |       |       |    89 ||    89
